Map: Moonlight Madness LE (Void)

Players

Beastyqt - Winner!

  • Race: Terran Terran
  • League: Diamond

Pure

  • Race: Protoss Protoss
  • League: Diamond

Event: ASL Season 5 Prime League LOTV Beta

VOD

Have the link to the VOD?

Description

Time

  • Played on: Sept. 16, 2015, 11:27 p.m.
  • Length: 19:06

All games in this series

Show
View Real Time Build Order
Export as new Build Order

Beastyqt Terran - Winner!

Build Orders:  

Get SALT Encoding   

  12  0:01  SCV  
  13  0:13  SCV  
  14  0:17  Supply Depot  
  14  0:26  Refinery  
  14  0:28  SCV  
  15  0:40  SCV  
  16  0:46  Barracks  
  16  0:52  SCV  
  17  1:04  SCV  
  18  1:16  SCV  
  19  1:33  Orbital Command  
  19  1:35  Supply Depot, Factory  
  19  1:47  Barracks Reactor  
  19  1:59  SCV  
  20  2:12  SCV  
  21  2:17  Command Center, Factory  
  21  2:23  Marine x2  
  21  2:28  SCV  
  24  2:33  Refinery  
  24  2:40  SCV  
  24  2:41  Marine  
  26  2:45  Supply Depot, Marine  
  26  2:58  SCV, Bunker  
  26  3:04  Marine x2  
  28  3:05  Factory Tech Lab  
  28  3:11  SCV  
  29  3:22  Marine x2  
  29  3:23  SCV  
  29  3:26  Cyclone  
  35  3:34  Orbital Command  
  35  3:41  Marine  
  35  3:42  Marine  
  35  3:45  Mag-Field Accelerator  
  35  3:47  SCV  
  37  3:54  Engineering Bay  
  37  4:03  Cyclone  
  37  4:05  SCV  
  41  4:10  Marine  
  41  4:14  Bunker  
  41  4:15  Marine  
  41  4:16  SCV  
  44  4:19  SCV  
  45  4:29  Missile Turret, Orbital Command  
  45  4:31  SCV  
  45  4:32  Marine x2  
  45  4:35  Cyclone  
  51  4:43  SCV  
  52  4:49  Supply Depot  
  52  4:50  Bunker  
  52  4:54  Marine x2  
  54  5:01  Supply Depot  
  54  5:02  SCV x2  
  50  5:14  SCV  
  50  5:15  Missile Turret  
  50  5:16  SCV  
  50  5:20  Marine x2  
  52  5:26  SCV  
  52  5:32  SCV  
  52  5:33  Cyclone  
  50  5:40  SCV  
  50  5:42  Marine  
  50  5:46  SCV  
  51  5:52  SCV  
  52  5:58  SCV  
  55  6:04  SCV  
  55  6:05  Cyclone  
  55  6:10  SCV  
  58  6:20  SCV  
  58  6:25  SCV, Missile Turret  
  60  6:27  Command Center  
  60  6:29  Barracks Tech Lab  
  60  6:32  SCV  
  61  6:34  Supply Depot  
  61  6:35  Factory  
  60  6:48  Supply Depot  
  60  6:49  Supply Depot  
  60  6:55  SCV x2  
  60  6:56  Cyclone  
  60  6:58  Refinery x2  
  65  7:04  Missile Turret  
  65  7:07  SCV  
  64  7:10  SCV  
  64  7:19  SCV  
  65  7:24  Hellion x2  
  65  7:28  SCV  
  70  7:30  Factory  
  70  7:31  Cyclone  
  70  7:34  SCV  
  74  7:40  Orbital Command  
  74  7:44  SCV  
  74  7:49  Starport, Widow Mine  
  74  7:50  Widow Mine  
  79  7:52  SCV  
  75  8:06  SCV  
  71  8:13  SCV x2  
  71  8:16  Cyclone x2  
  78  8:21  SCV  
  77  8:31  SCV  
  77  8:33  Hellion x2  
  79  8:34  Medivac  
  81  8:42  Orbital Command  
  81  8:43  SCV  
  82  8:48  SCV  
  82  8:50  Supply Depot x2  
  82  8:52  Command Center  
  82  8:53  Cyclone  
  86  8:57  SCV  
  86  9:01  SCV  
  88  9:07  Medivac  
  88  9:09  Widow Mine x2  
  94  9:12  SCV x2  
  96  9:20  SCV  
  96  9:24  SCV  
  98  9:30  Cyclone  
  97  9:34  SCV  
  97  9:35  SCV, Missile Turret  
  92  9:39  Cyclone  
  92  9:40  Hellion x2  
  92  9:45  SCV  
  96  9:49  SCV x2, Viking  
  100  9:57  SCV  
  101  10:01  SCV x2  
  101  10:06  Bunker  
  95  10:09  Supply Depot, SCV  
  95  10:11  Orbital Command  
  95  10:13  SCV x2  
  98  10:23  SCV  
  98  10:26  Cyclone x2, Refinery, Hellion  
  98  10:27  Hellion, Refinery  
  109  10:29  Starport Reactor  
  107  10:36  Marine  
  107  10:37  Supply Depot  
  107  10:39  SCV  
  108  10:43  Command Center  
  108  10:47  SCV  
  109  10:51  Missile Turret  
  109  10:53  Armory, Sensor Tower, Missile Turret  
  109  10:54  SCV, Marine  
  109  10:56  Armory  
  111  11:03  SCV  
  108  11:11  SCV x2  
  110  11:12  SCV, Marine  
  109  11:19  Cyclone, Factory  
  109  11:20  Cyclone, Factory  
  109  11:21  Hellion x2  
  119  11:30  Marine  
  116  11:43  Terran Vehicle Weapons Level 1  
  116  11:47  Factory x2  
  116  11:54  Cyclone  
  116  12:00  Viking  
  121  12:05  SCV x2  
  106  12:15  SCV x2  
  108  12:18  Sensor Tower  
  108  12:19  Factory Tech Lab  
  108  12:20  Factory Reactor  
  108  12:22  Terran Vehicle And Ship Armor Level 1  
  108  12:29  Cyclone  
  111  12:32  Factory Tech Lab, Factory Reactor  
  111  12:35  Infernal Pre-Igniter  
  111  12:37  Hellion  
  111  12:43  Command Center  
  111  12:44  Command Center, SCV  
  114  12:48  Planetary Fortress  
  114  12:57  Missile Turret x2  
  113  12:58  SCV  
  113  12:59  SCV  
  113  13:00  Sensor Tower  
  115  13:15  SCV x2  
  115  13:18  Viking x2  
  121  13:24  Cyclone  
  121  13:25  Cyclone  
  125  13:31  SCV x3  
  125  13:33  Refinery x2  
  128  13:46  Command Center  
  128  13:47  Missile Turret  
  126  13:49  SCV x3  
  125  13:56  Medivac x2  
  125  13:57  Drilling Claws  
  125  13:58  Terran Vehicle Weapons Level 2  
  125  14:00  Hellion  
  131  14:07  SCV x2  
  131  14:09  Orbital Command  
  133  14:11  Orbital Command  
  131  14:17  Widow Mine x4  
  131  14:18  Widow Mine  
  131  14:20  SCV x2  
  143  14:28  SCV x3  
  146  14:31  Viking  
  147  14:41  Cyclone x3  
  140  14:46  Hellion  
  140  14:55  Cyclone  
  140  14:57  Hellion  
  140  14:59  Hellion x2  
  143  15:04  Command Center  
  143  15:06  Viking x2  
  147  15:09  Missile Turret  
  147  15:19  Cyclone  
  147  15:20  Cyclone, Hellion  
  147  15:21  Hellion  
  156  15:22  Hellion  
  158  15:32  Cyclone  
  161  15:36  Terran Vehicle And Ship Armor Level 2  
  161  15:38  Hellion x4  
  169  15:47  Viking x2  
  165  15:58  Starport  
  165  16:01  Starport  
  165  16:07  Missile Turret  
  165  16:10  Missile Turret  
  165  16:17  Viking x2  
  167  16:29  Refinery  
  167  16:31  Refinery  
  161  16:37  Starport Reactor x2  
  160  16:47  Viking x2  
  164  16:57  Planetary Fortress  
  162  17:03  Cyclone  
  162  17:06  Hellion x6  
  162  17:07  Hellion  
  177  17:13  Hellion x6  
  169  17:17  Viking x2  
  169  17:22  Viking x4  
  179  17:24  Barracks Tech Lab  
  179  17:30  Barracks  
  179  17:31  Barracks  
  179  17:34  Ghost Academy  
  171  17:59  Viking x6  
  172  18:13  Cyclone x2  
  172  18:15  Ghost  
  172  18:26  Cyclone x2  
  177  18:27  Hellion x2  
  177  18:29  Viking x2  
  177  18:31  Hellion x2  
  154  18:41  Hellion  
  154  18:42  Hellion  
  154  18:46  SCV  
  154  18:47  SCV, Refinery  
Show
View Real Time Build Order
Export as new Build Order

Pure Protoss 

Build Orders: Dark Templar Rush 

Get SALT Encoding   

  12  0:00  Probe (Chrono Boost)  
  13  0:14  Pylon  
  13  0:17  Probe (Chrono Boost)  
  14  0:27  Probe (Chrono Boost)  
  15  0:35  Gateway  
  15  0:38  Probe (Chrono Boost)  
  16  0:46  Assimilator  
  16  0:49  Assimilator  
  16  0:53  Probe (Chrono Boost)  
  17  1:03  Probe (Chrono Boost)  
  18  1:13  Probe (Chrono Boost)  
  18  1:15  Pylon  
  19  1:23  Probe (Chrono Boost)  
  20  1:27  Cybernetics Core  
  20  1:33  Probe (Chrono Boost)  
  21  1:43  Probe (Chrono Boost)  
  22  1:53  Probe (Chrono Boost)  
  23  1:57  Pylon  
  23  2:08  Mothership Core (Chrono Boost), Adept, Warp Gate (Chrono Boost)  
  27  2:27  Twilight Council  
  27  2:35  Probe (Chrono Boost)  
  28  2:45  Probe (Chrono Boost)  
  29  2:58  Robotics Facility  
  29  3:10  Dark Shrine  
  29  3:18  Gateway  
  29  3:22  Gateway  
  29  3:44  Warp Prism (Chrono Boost)  
  29  3:46  Pylon  
  29  3:57  Nexus  
  29  4:13  Pylon  
  29  4:22  Dark Templar x3  
  35  4:28  Probe  
  36  4:38  Assimilator  
  36  4:40  Probe  
  37  4:52  Probe  
  38  4:57  Dark Templar x2  
  40  5:16  Probe  
  40  5:18  Probe  
  40  5:19  Warp Prism (Chrono Boost)  
  40  5:27  Probe  
  40  5:30  Probe  
  40  5:37  Probe  
  40  5:41  Charge  
  41  5:44  Probe  
  41  5:47  Probe  
  41  5:54  Immortal (Chrono Boost)  
  41  5:56  Probe  
  46  5:57  Probe  
  47  6:09  Probe  
  47  6:10  Probe  
  49  6:17  Templar Archives  
  49  6:19  Probe  
  49  6:21  Assimilator  
  49  6:23  Probe, Pylon  
  49  6:25  Zealot  
  53  6:29  Probe  
  52  6:33  Dark Templar  
  52  6:35  Probe  
  54  6:45  Pylon  
  54  6:47  Observer (Chrono Boost), Pylon  
  54  6:52  Dark Templar  
  57  7:00  Probe  
  57  7:02  Probe  
  59  7:10  Probe  
  59  7:14  Probe  
  59  7:15  Psionic Storm  
  59  7:18  Zealot  
  59  7:19  Zealot  
  59  7:21  Probe  
  59  7:22  Gateway  
  63  7:23  Gateway  
  63  7:29  Stargate  
  64  7:39  Zealot x2  
  64  7:41  Dark Templar  
  70  7:46  Probe  
  70  7:48  Probe  
  72  7:59  Probe  
  72  8:01  Probe  
  72  8:05  Dark Templar x2  
  65  8:15  Dark Templar  
  65  8:17  Probe  
  65  8:19  Probe  
  62  8:23  Dark Templar  
  62  8:24  Zealot  
  58  8:36  Probe  
  58  8:38  Probe  
  58  8:39  Phoenix  
  62  8:49  Pylon  
  62  8:55  Zealot x2  
  66  8:56  High Templar  
  66  8:59  Nexus  
  66  9:01  Pylon  
  68  9:03  Pylon  
  68  9:05  Pylon  
  68  9:08  Probe  
  68  9:10  Probe  
  68  9:27  Zealot x3  
  68  9:31  Probe  
  72  9:33  Probe  
  72  9:41  Probe  
  72  9:44  Phoenix  
  72  9:45  Probe  
  70  9:52  Zealot x4  
  75  10:01  Probe  
  75  10:03  Probe  
  74  10:09  Observer (Chrono Boost), Phoenix  
  74  10:11  Dark Templar  
  74  10:13  High Templar  
  81  10:14  High Templar  
  81  10:15  Probe  
  81  10:16  Probe x2  
  86  10:26  Probe  
  86  10:28  Probe  
  87  10:35  Forge, Phoenix  
  90  10:36  High Templar  
  90  10:41  High Templar  
  90  10:42  Probe  
  92  10:43  Probe  
  92  10:44  Probe  
  92  10:48  Assimilator  
  95  10:51  High Templar  
  95  10:52  Probe  
  95  10:53  Probe  
  95  10:55  Assimilator  
  99  10:59  Stalker  
  97  11:11  Observer (Chrono Boost)  
  98  11:20  Probe x2  
  98  11:22  Probe  
  101  11:28  High Templar  
  101  11:30  Zealot x4  
  101  11:31  Pylon  
  111  11:33  Pylon  
  111  11:35  Pylon  
  109  11:52  Zealot x3  
  115  11:56  Phoenix  
  105  12:02  Mothership Core  
  105  12:06  Dark Templar  
  105  12:07  Zealot  
  103  12:11  Gateway  
  97  12:16  Dark Templar x2, Gateway  
  97  12:17  Gateway  
  97  12:19  Probe  
  97  12:21  Probe, Phoenix  
  105  12:26  Zealot  
  105  12:28  Zealot  
  109  12:40  High Templar  
  111  12:51  Probe  
  111  12:54  Probe  
  111  12:56  Phoenix  
  111  13:15  High Templar x5  
  111  13:17  Archon x2  
  121  13:21  Phoenix  
  121  13:30  Probe x2  
  121  13:32  Probe  
  124  13:37  Nexus  
  123  13:46  Phoenix  
  125  14:03  Fleet Beacon  
  125  14:07  Stargate  
  121  14:11  Phoenix  
  121  14:13  Zealot  
  121  14:14  Zealot x7  
  139  14:20  Assimilator  
  139  14:28  Pylon, Assimilator  
  139  14:31  Pylon  
  139  14:33  Pylon  
  101  15:01  Probe  
  101  15:02  Probe  
  101  15:03  Probe  
  101  15:05  Tempest x2  
  112  15:07  High Templar  
  112  15:08  High Templar  
  112  15:09  Zealot x6  
  112  15:11  Probe  
  112  15:12  Probe  
  130  15:16  Probe  
  127  15:22  Probe x2  
  127  15:28  Probe, Warp Prism (Chrono Boost)  
  130  15:31  High Templar x2  
  130  15:32  Probe x2  
  138  15:40  Probe  
  138  15:42  Probe x2  
  141  15:58  Tempest  
  141  16:03  Tempest  
  149  16:17  Dark Templar  
  151  16:20  Nexus  
  151  16:21  Pylon  
  151  16:22  Probe, Zealot x4  
  151  16:23  Pylon  
  151  16:24  Probe  
  141  16:26  Pylon  
  141  16:30  Photon Cannon  
  135  16:44  Tempest  
  135  16:45  High Templar x2  
  135  16:46  High Templar  
  133  16:54  Probe  
  133  16:55  Probe  
  133  16:56  Probe  
  133  16:57  Probe  
  131  17:04  Probe  
  131  17:07  Zealot x2, High Templar x2  
  122  17:23  Zealot  
  122  17:24  Probe x2, Zealot x3  
  122  17:25  Probe  
  122  17:27  Probe  
  134  17:50  Dark Templar x3  
  134  17:51  Dark Templar  
  140  17:53  Dark Templar  
  140  18:02  Zealot x2  
  138  18:11  Probe x2  
  83  18:42  High Templar x3  
  83  18:43  Zealot x5  
Tags
 
Add a new tag
Caveats
  • Supply blocks, unpowered buildings, or Contaminate may cause inaccurate times.
  • Supply counts are checked every 10 seconds.